 Dungeon Crawl Stone Soup version 0.24-a0-269-g32ec7ca (webtiles) character file.

Game seed: 685383353042776335

194844 Lanoc the Warrior (level 18, -3/173 HPs)
             Began as a Yellow Draconian Monk on Apr 22, 2019.
             Was the Champion of Wu Jian.
             Slain by an alligator snapping turtle (25 damage)
             ... on level 4 of the Shoals.
             The game lasted 02:07:17 (35517 turns).

Lanoc the Warrior (Yellow Draconian Monk)          Turns: 35517, Time: 02:07:18

Health: -3/173     AC: 15    Str: 19    XL:     18   Next: 11%
Magic:  18/18      EV: 29    Int:  9    God:    Wu Jian [******]
Gold:   1324       SH: 19    Dex: 27    Spells: 15/17 levels left

rFire    + + +     SeeInvis .   O - +9 double sword (vamp)
rCold    + . .     Gourm    +   Q - +5 shield {reflect}
rNeg     . . .     Faith    .   (armour unavailable)
rPois    +         Spirit   .   o - +0 hat "Atwicyta" {rF+++ rC+ rCorr Int-2} (curse)
rElec    +         Reflect  +   e - scarf {repulsion}
rCorr    +         Harm     .   T - +1 pair of gloves
MR       ++...                  U - +2 pair of boots
Stlth    +++.......             w - amulet of the gourmand
HPRegen  0.38/turn              P - ring of protection from magic
MPRegen  0.16/turn              D - ring of Rusoev {*Drain rElec rPois Str+6 Dex+7}

@: flying, mesmerised, repel missiles
A: spit acid, unfitting armour, antennae 1, clumsy 1, electricity resistance,
acidic bite, cold-blooded, acid resistance, AC +10
a: Breathe Acid, Wall Jump, Serpent's Lash, Heavenly Storm, Renounce Religion


You were on level 4 of the Shoals.
You worshipped Wu Jian.
Wu Jian was exalted by your worship.
You were full.

You visited 6 branches of the dungeon, and saw 28 of its levels.
You also visited: Sewer, Gauntlet, Ice Cave and Volcano.

You collected 3226 gold pieces.
You spent 1902 gold pieces at shops.

Inventory:

Hand Weapons
 k - a +0 demon trident of draining
 p - a +2 scimitar of flaming
 O - a +9 vampiric double sword (weapon)
Armour
 e - a scarf of repulsion (worn)
 o - the cursed +0 hat "Atwicyta" (worn) {rF+++ rC+ rCorr Int-2}
   (You found it in a Gauntlet)

   It affects your intelligence (-2).
   It renders you almost immune to fire.
   It protects you from cold.
   It provides partial protection from all sources of acid and corrosion.
   It has a curse placed upon it.
 x - a +0 large shield of reflection
 Q - a +5 shield of reflection (worn)
 T - a +1 pair of gloves (worn)
 U - a +2 pair of boots (worn)
Jewellery
 w - an amulet of the gourmand (around neck)
 D - the ring of Rusoev (right hand) {*Drain rElec rPois Str+6 Dex+7}
   (You bought it in a shop on level 2 of the Orcish Mines)

   [ring of strength]

   It affects your strength (+6).
   It affects your dexterity (+7).
   It insulates you from electricity.
   It protects you from poison.
   It causes draining when unequipped.
 I - the ring of Icwip {rF+ MP+9 Slay+2}
   (You found it in an ice cave)

   [ring of magical power]

   It affects your accuracy and damage with ranged weapons and melee attacks
   (+2).
   It protects you from fire.
   It affects your magic capacity (+9).
 P - a ring of protection from magic (left hand)
Wands
 t - a wand of scattershot (10)
 y - a wand of iceblast (30)
 F - a wand of digging (8)
 W - a wand of acid (6)
Scrolls
 c - 4 scrolls of magic mapping
 g - 17 scrolls of identify
 j - 7 scrolls of remove curse
 l - 5 scrolls of immolation
 r - 2 scrolls of enchant armour
 u - 5 scrolls of amnesia
 v - 3 scrolls of fog
 K - 3 scrolls of silence
 V - a scroll of enchant weapon
 X - a scroll of brand weapon
Potions
 d - 2 potions of magic
 h - 3 potions of curing
 m - a potion of resistance
 n - 3 potions of flight
 q - 10 potions of lignification
 s - 3 potions of ambrosia
 z - 2 potions of cancellation
 C - 4 potions of mutation
 R - a potion of brilliance
 S - a potion of berserk rage
Miscellaneous
 B - a lamp of fire
 L - a phial of floods
 M - a fan of gales
Comestibles
 b - 46 rations


   Skills:
 + Level 18.4 Fighting
 - Level 18.0 Long Blades
 + Level 15.9 Dodging
 - Level 1.7 Stealth
 + Level 12.6 Shields
 - Level 0.4 Evocations


You had 15 spell levels left.
You knew the following spells:

 Your Spells              Type           Power        Failure   Level  Hunger
a - Apportation           Tloc           #.....       47%         1    ##.....
b - Summon Butterflies    Summ           #.......     47%         1    ##.....

Your spell library contained the following spells:

 Spells                   Type           Power        Failure   Level  Hunger
 Animate Skeleton         Necr           N/A          47%         1    ##.....
 Beastly Appendage        Tmut           #.....       47%         1    ##.....
 Confusing Touch          Hex            #.....       47%         1    ##.....
 Corona                   Hex            #......      47%         1    ##.....
 Flame Tongue             Conj/Fire      #....        47%         1    ##.....
 Freeze                   Ice            #...         47%         1    ##.....
 Summon Small Mammal      Summ           #...         47%         1    ##.....
 Ensorcelled Hibernation  Hex/Ice        #.....       63%         2    ###....
 Poisonous Vapours        Pois/Air       #.....       63%         2    ###....
 Sticks to Snakes         Tmut           #.......     63%         2    ###....
 Sublimation of Blood     Necr           #.........   63%         2    ###....
 Throw Flame              Conj/Fire      #.....       63%         2    ###....
 Throw Frost              Conj/Ice       #.....       63%         2    ###....
 Call Canine Familiar     Summ           #.......     85%         3    ####...
 Confuse                  Hex            #.......     85%         3    ####...
 Conjure Flame            Conj/Fire      #.......     85%         3    ####...
 Dazzling Spray           Conj/Hex       #.....       85%         3    ####...
 Gell's Gravitas          Tloc           #.........   85%         3    ####...
 Ignite Poison            Fire/Tmut/Pois #.......     85%         3    ####...
 Inner Flame              Hex/Fire       #.......     85%         3    ####...
 Mephitic Cloud           Conj/Pois/Air  #.......     85%         3    ####...
 Ozocubu's Armour         Chrm/Ice       #.......     85%         3    ####...
 Spider Form              Tmut/Pois      #.........   85%         3    ####...
 Tukima's Dance           Hex            #.......     85%         3    ####...
 Ice Form                 Ice/Tmut       #.......     99%         4    #####..
 Petrify                  Tmut/Erth      #.......     99%         4    #####..
 Sticky Flame             Conj/Fire      #.......     99%         4    #####..
 Summon Ice Beast         Ice/Summ       #.......     99%         4    #####..
 Throw Icicle             Conj/Ice       #.......     99%         4    #####..
 Alistair's Intoxication  Tmut/Pois      #.......     100%        5    ######.
 Blade Hands              Tmut           #.........   100%        5    ######.
 Fireball                 Conj/Fire      #.........   100%        5    ######.
 Irradiate                Conj/Tmut      #.........   100%        5    ######.
 Metabolic Englaciation   Hex/Ice        #.........   100%        5    ######.
 Summon Mana Viper        Hex/Summ       #.......     100%        5    ######.
 Yara's Violent Unravell  Hex/Tmut       #.........   100%        5    ######.
 Freezing Cloud           Conj/Ice/Air   #.........   100%        6    #######
 Ring of Flames           Chrm/Fire      #.........   100%        7    #######
 Summon Hydra             Summ           #.........   100%        7    #######


Dungeon Overview and Level Annotations

Branches:
Dungeon (11/15)            Temple (1/1) D:7            Lair (6/6) D:9
 Shoals (4/4) Lair:4       Spider (4/4) Lair:3        Slime (0/5) Lair:5
    Orc (2/2) D:10            Elf (0/3) Orc:2

Altars:
Cheibriados
Dithmenos
Elyvilon
Qazlal
Trog
Wu Jian
Xom
Yredelemnul
The Shining One
Beogh

Shops:
D:7 [*   D:9 *!%[}   D:10 *   Orc:2 =*}=

Portals:
Trove: D:10 (give +5 demon trident)

Annotations:
D:10 trove +5 demon trident


Innate Abilities, Weirdness & Mutations

You can spit globs of acid.
Your golden yellow scales are hard. (AC +10)
You cannot fit into any form of body armour.
You have acidic saliva.
You are cold-blooded and may be slowed by cold attacks.
You are resistant to acid. (rCorr)
You have a pair of small antennae on your head.
You are clumsy. (Dex -2)
You are resistant to electric shocks. (rElec)


Message History

The merfolk avatar chants its luring song.
You block the snapping turtle's attack.
The merfolk siren chants its luring song.
You slice the merfolk avatar!!
You kill the merfolk avatar!
The Council accepts your kill.
The alligator snapping turtle bites you from afar!!
* * * LOW HITPOINT WARNING * * *
You block the snapping turtle's attack.
You feel very buoyant.
You fly up into the air.
The merfolk avatar chants its luring song.
The merfolk siren chants its luring song.
The alligator snapping turtle bites you from afar!!
* * * LOW HITPOINT WARNING * * *
You block the snapping turtle's attack.
You cannot move away from the merfolk siren!
The pull of its song draws you forwards.
The alligator snapping turtle bites you!!
You die...

≈≈≈≈≈..............(##≈≈#≈..#..≈≈
≈≈≈≈≈.....<†........#..#≈#≈...#≈≈
≈≈≈≈≈≈..≈≈..........#..≈≈≈#≈..#≈≈
≈≈≈≈≈...≈....m......#...≈≈≈#..#≈≈
≈≈≈≈...##....)......(.#..≈#≈≈##≈≈
≈≈≈≈...##....))≈....(#.#...≈##≈≈≈
≈≈≈≈........≈≈)†≈≈≈≈≈(#....##≈≈≈≈
≈≈≈≈.........≈t≈≈≈≈≈≈...####≈≈≈≈≈
≈≈≈≈≈≈≈≈≈≈..≈≈†≈@≈≈≈≈..(.≈≈≈≈≈≈≈≈
≈≈≈≈≈≈≈≈≈≈≈≈≈≈≈t≈≈≈≈≈......≈≈≈≈≈≈
≈≈≈≈≈≈≈≈≈≈≈≈≈≈≈≈≈≈≈≈≈.......≈≈≈≈≈
≈≈≈≈≈≈≈≈≈≈≈≈≈≈≈≈≈≈m≈(.......[≈≈≈≈
≈≈≈≈≈≈≈≈≈≈≈≈≈≈≈≈≈≈≈(≈.[[.....≈≈≈≈
≈≈≈≈≈≈≈≈≈≈≈≈≈≈≈≈≈≈≈≈..[.......≈≈≈
≈≈≈≈≈≈≈≈≈≈≈≈≈≈≈≈≈≈≈≈.....§....≈≈≈
≈≈ ≈≈≈≈≈≈≈≈≈≈≈..)().....≈≈≈ ≈≈
≈≈≈≈≈≈≈≈≈....†....≈≈≈


You could see an alligator snapping turtle, a merfolk avatar, a snapping turtle
and a merfolk siren.

Vanquished Creatures
  Arachne (Spider:4)
  Asterion (Spider:2)
  The ghost of Fet Luno the Genius of the Arcane, an adept GnFE of Sif Muna (Shoals:3)
  Polyphemus (Shoals:3)
  Agnes (Spider:4)
  A kraken (Shoals:3)
  Donald (Orc:1)
  Ilsuiw (Shoals:2)
  A fire giant (D:11)
  2 ghost moths (Spider:4)
  A frost giant (IceCv)
  An emperor scorpion (Spider:4)
  3 entropy weavers (Spider:2)
  Azrael (Spider:2)
  A dire elephant (Lair:6)
  A minotaur (Gauntlet)
  3 merfolk javelineers
  6 merfolk impalers
  3 hydras
  An ice dragon (Lair:6)
  9 merfolk aquamancers
  3 catoblepae
  A queen ant (Lair:3)
  6 merfolk avatars
  2 two-headed ogres
  15 death yaks
  3 orc high priests (Orc:2)
  Urug (Orc:2)
  21 sea snakes
  An unseen horror (D:11)
  17 harpies
  A glowing orange brain (Gauntlet)
  5 orc knights
  29 wolf spiders
  3 lindwurms (Lair:6)
  Pikel (D:8)
  22 orb spiders
  5 orc sorcerers (Orc:2)
  An ugly thing (Gauntlet)
  8 manticores
  11 fauns
  A moth of wrath (Spider:4)
  A cyclops (Shoals:4)
  3 black mambas
  5 elephants
  2 centaur zombies (D:11)
  Maurice (Orc:2)
  6 merfolk sirens
  An ice statue (IceCv)
  9 spiny frogs
  6 water nymphs
  4 gargoyles
  8 torpor snails
  3 rime drakes
  16 demonic crawlers
  5 komodo dragons
  An efreet (D:11)
  3 tyrant leeches (Lair:6)
  16 polar bears
  33 jumping spiders
  4 trolls
  A meliai (D:11)
  26 merfolk
  5 wind drakes
  6 hornets
  14 snapping turtles
  3 blink frogs (Lair:5)
  9 hippogriffs
  5 dream sheep
  3 large abominations (Gauntlet)
  71 redbacks
  Eustachio (D:4)
  43 tarantellas
  4 water elementals
  4 fire elementals (Spider:2)
  62 yaks
  A hungry ghost (Shoals:2)
  5 basilisks
  2 wargs (Orc:2)
  21 soldier ants
  9 water moccasins
  2 hell hounds (Spider:2)
  6 porcupines
  20 orc warriors
  A sky beast (D:9)
  2 black bears
  9 ogres
  A slave (D:8)
  A phantom (D:10)
  8 ice beasts (Lair:2)
  32 wolves
  18 centaurs
  22 crocodiles
  Blork the orc (D:4)
  3 big kobolds
  11 bullfrogs
  2 wyvern zombies
  5 scorpions
  A wyvern skeleton (D:9)
  6 small abominations (Gauntlet)
  6 killer bees (D:10)
  An electric eel (Spider:4)
  2 crimson imps
  A quasit (D:8)
  A gnoll shaman (Orc:1)
  A bullfrog zombie (D:5)
  3 hounds
  5 jellies
  A bullfrog skeleton (D:5)
  2 centaur skeletons
  16 orc priests
  Crazy Yiuf (D:7)
  7 hell rats
  An iguana (D:4)
  16 orc wizards
  21 worker ants
  A killer bee zombie (D:7)
  A hound zombie (D:7)
  A hound skeleton (D:10)
  Robin (D:3)
  9 gnolls
  8 adders
  2 river rats (D:4)
  A shadow imp (D:11)
  5 oozes
  An adder skeleton (D:4)
  2 worms
  A dart slug (D:2)
  5 leopard geckos
  65 orcs
  4 giant cockroaches
  20 goblins
  8 hobgoblins
  13 jackals
  23 kobolds
  7 quokkas
  6 ball pythons
  2 bats (D:2)
  4 frilled lizards
  2 jackal zombies
  2 leopard gecko zombies
  A quokka skeleton (D:4)
  16 rats
  5 plants
  A tentacle (Shoals:3)
1073 creatures vanquished.

Vanquished Creatures (collateral kills)
  A spark wasp (Spider:4)
  A hydra (D:11)
  2 hornets (Spider:4)
4 creatures vanquished.

Vanquished Creatures (others)
  2 merfolk javelineers (Shoals:4)
  3 satyrs (Shoals:4)
  3 wolf spiders
  A cyclops (Shoals:3)
  A merfolk siren (Shoals:4)
  2 redbacks
  An orc priest (Orc:2)
  A bullfrog skeleton (D:7)
  4 demonic plants (Gauntlet)
  19 fungi
  31 plants
  4 tentacles (Shoals:3)
72 creatures vanquished.

Grand Total: 1149 creatures vanquished

Notes
Turn   | Place    | Note
-------+----------+-------------------------------------------
     0 | D:1      | Lanoc the Draconian Monk began the quest for the Orb.
     0 | D:1      | Reached XP level 1. HP: 19/19 MP: 1/1
   122 | D:1      | Reached XP level 2. HP: 26/26 MP: 2/2
   222 | D:2      | Reached XP level 3. HP: 8/33 MP: 3/3
   679 | D:2      | Reached XP level 4. HP: 31/40 MP: 4/4
  1230 | D:3      | Noticed Robin
  1291 | D:3      | Found a faded altar of an unknown god.
  1298 | D:3      | Became a worshipper of the Wu Jian Council
  1298 | D:3      | Reached * piety under Wu Jian
  1298 | D:3      | Reached ** piety under Wu Jian
  1352 | D:3      | Reached XP level 5. HP: 30/46 MP: 5/5
  1682 | D:3      | Reached *** piety under Wu Jian
  1708 | D:3      | Killed Robin
  2259 | D:4      | Noticed Eustachio
  2294 | D:4      | Gained mutation: You are resistant to electric shocks.
                  | (rElec) [potion of mutation]
  2294 | D:4      | Gained mutation: You have a pair of small antennae on your
                  | head. [potion of mutation]
  2330 | D:4      | Killed Eustachio
  2330 | D:4      | Reached skill level 5 in Long Blades
  2330 | D:4      | Reached XP level 6. HP: 44/55 MP: 6/6
  2697 | D:4      | Reached skill level 5 in Fighting
  2909 | D:4      | Found a glowing drain.
  2917 | Sewer    | Entered a sewer
  3734 | Sewer    | Your scales start taking on a golden yellow colour.
  3734 | Sewer    | Reached XP level 7. HP: 61/61 MP: 7/7
  3734 | Sewer    | Gained mutation: You are resistant to acid. (rCorr) [Yellow
                  | Draconian growth]
  4053 | D:4      | Learned a level 1 spell: Apportation
  4281 | D:4      | Reached **** piety under Wu Jian
  4331 | D:4      | Noticed Blork the orc
  4341 | D:4      | Killed Blork the orc
  4689 | D:5      | Entered Level 5 of the Dungeon
  5093 | D:6      | Reached skill level 5 in Dodging
  5093 | D:6      | Reached XP level 8. HP: 64/70 MP: 8/8
  5105 | D:6      | Found a glowing golden altar of the Shining One.
  5315 | D:6      | Found a basalt altar of Yredelemnul.
  5429 | D:6      | Noticed a moth of wrath
  5432 | D:6      | Found a bloodstained altar of Trog.
  5759 | D:6      | Noticed an angel
  5782 | D:7      | Found Jimn's Assorted Antiques.
  5793 | D:7      | Bought a scroll labeled PATHRIRGH XIESO for 37 gold pieces
  6314 | D:7      | Found a staircase to the Ecumenical Temple.
  6323 | Temple   | Entered the Ecumenical Temple
  6461 | D:7      | Found Juem's Antique Armour Shop.
  6559 | D:7      | Found a runed translucent door.
  6560 | D:7      | Noticed Crazy Yiuf
  6787 | D:7      | Killed Crazy Yiuf
  6790 | D:7      | Got a bone mace
  6791 | D:7      | Identified the cursed +3 mace of Sin {flame, Fragile rPois
                  | Int+4} (You found it on level 7 of the Dungeon)
  6845 | D:8      | Noticed a komodo dragon
  6874 | D:7      | Reached XP level 9. HP: 61/79 MP: 9/9
  6882 | D:7      | Killed a komodo dragon
  7140 | D:8      | Found a shimmering altar of Xom.
  7140 | D:8      | Found a shimmering altar of Xom.
  7141 | D:8      | Found a shimmering altar of Xom.
  7141 | D:8      | Found a shimmering altar of Xom.
  7142 | D:8      | Found a shimmering altar of Xom.
  7180 | D:8      | Noticed Pikel
  7228 | D:8      | Killed Pikel
  7461 | D:8      | Found a stormy altar of Qazlal.
  7654 | D:8      | Noticed a merfolk
  7662 | D:8      | a merfolk changed into a redback
  7669 | D:8      | Noticed a jumping spider
  7669 | D:8      | a redback changed into a jumping spider
  7673 | D:8      | Noticed a wind drake
  7673 | D:8      | a jumping spider changed into a wind drake
  7718 | D:9      | Found Qeredghor's Gadget Emporium.
  7733 | D:9      | Reached ***** piety under Wu Jian
  7806 | D:8      | Reached skill level 10 in Long Blades
  8401 | D:9      | Found Nukyvec's Antique Armour Shop.
  8409 | D:9      | Bought a slimy buckler for 275 gold pieces
  8414 | D:9      | Identified the cursed +0 buckler of Ejaune Famio {rC+ MR+
                  | MP+9 Int-4} (You bought it in a shop on level 9 of the
                  | Dungeon)
  8516 | D:9      | Found Usaq Jay's Food Emporium.
  8528 | D:9      | Noticed a troll
  8556 | D:9      | Killed a troll
  8556 | D:9      | Reached skill level 1 in Shields
  8700 | D:9      | Reached XP level 10. HP: 90/90 MP: 10/10
  9030 | D:9      | Found a staircase to the Lair.
  9044 | D:9      | Found Pawodo's Distillery.
  9056 | D:9      | Bought a potion of heal wounds for 75 gold pieces
  9066 | D:9      | Found Bitear's General Store.
  9091 | D:9      | Found a shadowy altar of Dithmenos.
  9091 | D:9      | Found a snail-covered altar of Cheibriados.
  9164 | D:10     | Entered Level 10 of the Dungeon
  9202 | D:10     | Found Qetzum's Mayhem Merchandise.
  9316 | D:10     | Found a portal to a secret trove of treasure.
  9503 | D:10     | Found a basalt altar of Yredelemnul.
  9841 | D:10     | Found a staircase to the Orcish Mines.
 10341 | D:11     | Noticed a gargoyle
 10355 | D:11     | Killed a gargoyle
 10569 | D:11     | Noticed a gargoyle
 10594 | D:11     | Killed a gargoyle
 10741 | D:11     | Reached XP level 11. HP: 97/99 MP: 11/11
 10773 | D:11     | Noticed a six-headed hydra
 10974 | D:11     | Killed a six-headed hydra
 11113 | D:11     | Noticed a death knight
 11290 | D:11     | Reached skill level 10 in Fighting
 11302 | D:11     | Killed an unseen horror
 11368 | D:11     | Got a smoking trident
 11369 | D:11     | Identified the +9 trident "Q" {pierce, Str+3} (You found it
                  | on level 11 of the Dungeon)
 11654 | D:11     | Noticed a two-headed ogre
 11663 | D:11     | Killed a two-headed ogre
 11677 | D:11     | Noticed a fire giant
 11694 | D:11     | Killed a fire giant
 11695 | D:11     | HP: 5/101 [centaur warrior zombie (7)]
 12039 | D:11     | Noticed a tengu reaver
 12039 | D:11     | Noticed a sphinx
 12040 | D:11     | Noticed a stone giant
 12041 | D:11     | Noticed a frost giant
 12106 | Lair:1   | Entered Level 1 of the Lair of Beasts
 12428 | Lair:1   | Reached ****** piety under Wu Jian
 13048 | D:7      | Bought a scorched long sword for 314 gold pieces
 13048 | D:7      | Identified the +6 long sword of No Interval {protect, rF+}
                  | (You bought it in a shop on level 7 of the Dungeon)
 13504 | Lair:1   | Reached XP level 12. HP: 110/110 MP: 12/12
 13733 | Lair:2   | Found a frozen archway.
 13791 | IceCv    | Entered an ice cave
 13954 | IceCv    | Noticed a death yak
 13973 | IceCv    | Killed a death yak
 14045 | IceCv    | Reached skill level 10 in Dodging
 14502 | IceCv    | Noticed a death yak
 14517 | IceCv    | Killed a death yak
 14934 | IceCv    | Noticed a frost giant
 14971 | IceCv    | Killed a frost giant
 14971 | IceCv    | Reached skill level 15 in Long Blades
 14984 | IceCv    | Reached XP level 13. HP: 93/118 MP: 13/13
 15044 | IceCv    | Got a shimmering jade ring
 15251 | IceCv    | Identified the ring of Icwip {rF+ MP+9 Slay+2} (You found
                  | it in an ice cave)
 16211 | Lair:3   | Found a dark tunnel.
 16219 | Volcano  | Entered a volcano
 16296 | Lair:3   | Found a gate leading to a gauntlet.
 16328 | Gauntlet | Entered a Gauntlet
 16328 | Gauntlet | Found a large runed translucent door.
 16328 | Gauntlet | Found a large runed translucent door.
 16328 | Gauntlet | Found a large runed translucent door.
 16328 | Gauntlet | Found a large runed translucent door.
 16328 | Gauntlet | Found a runed translucent door.
 16328 | Gauntlet | Found a large runed translucent door.
 16328 | Gauntlet | Found a large runed translucent door.
 16328 | Gauntlet | Found a transporter.
 16328 | Gauntlet | Found a transporter.
 16328 | Gauntlet | Found a large runed translucent door.
 16328 | Gauntlet | Found a large runed translucent door.
 16328 | Gauntlet | Found a runed translucent gate.
 16328 | Gauntlet | Found a runed translucent gate.
 16328 | Gauntlet | Found a transporter.
 16333 | Gauntlet | Found a transporter.
 16334 | Gauntlet | Found a runed translucent gate.
 16334 | Gauntlet | Found a runed translucent door.
 16338 | Gauntlet | Found a large runed translucent door.
 16338 | Gauntlet | Found a large runed translucent door.
 16347 | Gauntlet | Found a transporter.
 16374 | Gauntlet | Found a large runed translucent door.
 16374 | Gauntlet | Found a large runed translucent door.
 16377 | Gauntlet | Found a large runed translucent door.
 16377 | Gauntlet | Found a large runed translucent door.
 16378 | Gauntlet | Found a large runed translucent door.
 16379 | Gauntlet | Found a large runed translucent door.
 16408 | Gauntlet | Found a transporter.
 16418 | Gauntlet | Found a transporter.
 16434 | Gauntlet | Found a transporter.
 16450 | Gauntlet | Found a transporter.
 16459 | Gauntlet | Found a transporter.
 16465 | Gauntlet | Found a transporter.
 16490 | Gauntlet | Found a transporter.
 16614 | Gauntlet | Got a sparkling golden ring
 16616 | Gauntlet | Identified the cursed ring "Cyprug" {Int+7 Slay-2} (You
                  | found it in a Gauntlet)
 16866 | Gauntlet | Got a twisted hat
 16874 | Gauntlet | Identified the cursed +0 hat "Atwicyta" {rF+++ rC+ rCorr
                  | Int-2} (You found it in a Gauntlet)
 16894 | Gauntlet | Noticed a minotaur
 16918 | Gauntlet | Killed a minotaur
 16926 | Gauntlet | Identified the Collected Works on the Supportive Blaze
 16931 | Gauntlet | Learned a level 1 spell: Summon Butterflies
 17288 | Lair:3   | You fall through a shaft for 3 floors!
 17288 | Lair:6   | Entered Level 6 of the Lair of Beasts
 17611 | Lair:5   | You fall through a shaft!
 18191 | Lair:6   | Found a runed translucent door.
 19116 | Lair:6   | Paralysed by a hornet for 3 turns
 19885 | Lair:6   | Gained mutation: You have acidic saliva. [Yellow Draconian
                  | growth]
 19885 | Lair:6   | Reached XP level 14. HP: 129/129 MP: 14/14
 21178 | Lair:5   | Found a staircase to the Slime Pits.
 21833 | Lair:5   | Identified a scroll of acquirement
 22334 | Lair:4   | You fall through a shaft for 2 floors!
 22649 | Lair:4   | Found a staircase to the Shoals.
 22780 | Lair:4   | Noticed Sonja
 22786 | Lair:4   | Noticed Sonja
 22786 | Lair:4   | Sonja changed into Sonja the crocodile
 22793 | Lair:4   | Killed Sonja the crocodile
 23206 | Lair:3   | Found a hole to the Spider Nest.
 24043 | Orc:1    | Entered Level 1 of the Orcish Mines
 24313 | Orc:2    | Entered Level 2 of the Orcish Mines
 24347 | Orc:2    | Noticed Donald
 24648 | Orc:1    | Killed Donald
 24852 | Orc:2    | Found a roughly hewn altar of Beogh.
 25038 | Orc:2    | Found a staircase to the Elven Halls.
 25083 | Orc:2    | Noticed Urug
 25084 | Orc:2    | Noticed Maurice
 25546 | Orc:2    | Killed Urug
 25660 | Orc:2    | Found Vickik Isut's Jewellery Boutique.
 25667 | Orc:2    | Reached XP level 15. HP: 133/139 MP: 15/15
 25973 | Orc:2    | Gained mutation: You are clumsy. (Dex -2) [a neqoxec]
 26099 | Orc:2    | Killed Maurice
 26240 | Orc:2    | Found Sokhuqac's Gadget Shoppe.
 26279 | Orc:2    | Found Qaeraed's Jewellery Shoppe.
 26281 | Orc:2    | Found Oheelum's General Store.
 26295 | Orc:2    | Reached skill level 5 in Shields
 26318 | Orc:2    | Bought the ring of Rusoev {*Drain rElec rPois Str+6 Dex+7}
                  | for 1201 gold pieces
 26646 | Spider:1 | Entered Level 1 of the Spider Nest
 26917 | Spider:1 | Reached skill level 15 in Fighting
 26923 | Spider:1 | HP: 7/141 [jumping spider (3)]
 27886 | Spider:2 | Noticed Asterion
 27893 | Spider:2 | Killed Asterion
 28375 | Spider:2 | Noticed Azrael
 28386 | Spider:2 | Killed Azrael
 29101 | Spider:3 | Reached XP level 16. HP: 141/151 MP: 16/16
 29491 | Spider:4 | Entered Level 4 of the Spider Nest
 29511 | Spider:4 | Noticed Arachne
 29864 | Spider:4 | Killed Arachne
 30137 | Spider:4 | Noticed Agnes
 30157 | Spider:4 | Killed Agnes
 30321 | Spider:4 | Reached skill level 10 in Shields
 31538 | Shoals:1 | Entered Level 1 of the Shoals
 31658 | Shoals:1 | You fall through a shaft!
 31813 | Shoals:2 | Noticed Ilsuiw
 31853 | Shoals:2 | Killed Ilsuiw
 32120 | Shoals:2 | Reached XP level 17. HP: 149/161 MP: 17/17
 33246 | Shoals:3 | Reached skill level 15 in Dodging
 33302 | Shoals:3 | Found a transporter.
 33311 | Shoals:3 | Noticed Fet Luno's ghost (adept GnFE)
 33519 | Shoals:3 | Got an ichor-stained trident
 33520 | Shoals:3 | Identified the +7 trident of Optimality {pain, MR+} (You
                  | found it on level 3 of the Shoals)
 33616 | Shoals:3 | Found a transporter.
 33674 | Shoals:3 | Noticed Polyphemus
 33698 | Shoals:3 | Killed Polyphemus
 33898 | Shoals:3 | Found a white marble altar of Elyvilon.
 33904 | Shoals:3 | Noticed a kraken
 33913 | Shoals:3 | Killed a kraken
 34132 | Shoals:3 | Killed Fet Luno's ghost
 34211 | Shoals:4 | Entered Level 4 of the Shoals
 34947 | Shoals:4 | Reached XP level 18. HP: 128/173 MP: 18/18
 34960 | Shoals:4 | HP: 6/173 [merfolk impaler/+3 trident of venom (14)]
 35517 | Shoals:4 | Slain by an alligator snapping turtle

Levels and vault maps discovered:
D:1:      dpeg_arrival_orchard, layout_loops_ring
D:2:      layout_loops_cross, first_ration, minmay_split_cup_large
D:3:      layout_basic, chequers_ecumenical_altar_simple, uniq_robin
D:4:      layout_gridville, gup_sewer_entry_spiral, uniq_eustachio,
          uniq_blork_the_orc
D:5:      layout_rooms, nrook_pool_corridor
D:6:      layout_rooms, grunt_temple_overflow_holy_war, tgw_trog
D:7:      layout_loops_ring, lemuel_temple_firewalk_a, serial_shops, shop, shop,
          due_unseen_surprise, uniq_crazy_yiuf_cottage
D:8:      layout_rooms, nicolae_qazlal_eye_of_the_storm, xom_shifter_show,
          serial_rivers, chequers_serial_rivers_small_b,
          chequers_serial_rivers_small_a, chequers_serial_rivers_micro_a,
          chequers_serial_rivers_room_a, chequers_serial_rivers_micro_d,
          minmay_misc_feat_hallway, uniq_pikel
D:9:      layout_basic, minitemple, grunt_lair_entry_orc_guard_hut,
          serial_shops, shop, nicolae_shop_waterfront, shop, nicolae_shop_stone,
          nicolae_shop_statue_plus, amethyst_killhole
D:10:     layout_cave_pools, hiddenorc1_lemuel, nicolae_trove_entry_crossroad,
          minmay_shop_mayhem, yredelemnul_altar_generic
D:11:     minmay_tile_spiral, layout_layer_cave
Temple:   regret_index_temple_sphere_string
Lair:1:   layout_gridlike, hangedman_lair_generics_rect, grunt_megastairs_2
Lair:2:   layout_cave_shapes, portal_ice_cave_entry_ice_beasts,
          serial_bayou_shore_b
Lair:3:   layout_regular_city, spider_nest_entry_rubble, gauntlet_entry_generic,
          enter_volcano_1, minivault_29
Lair:4:   layout_regular_city, minmay_shoals_entry_centaurs, serial_forest,
          infiniplex_forest_fountain, infiniplex_forest_clump_medium,
          infiniplex_forest_end_3, infiniplex_forest_zigzag_1,
          infiniplex_forest_clump_medium, infiniplex_forest_end_double,
          infiniplex_forest_clump_curved, uniq_sonja
Lair:5:   layout_roguey, nicolae_slime_entry_slimehenge, beast_lair_carwin_1
Lair:6:   wormcave, layout_regular_city, hangedman_lair_in_review
Shoals:1: layout_shoals
Shoals:2: layout_shoals, nicolae_shoals_so_close, uniq_ilsuiw
Shoals:3: cheibrodos_shoals_three_sisters, layout_shoals, gammafunk_ghost_arena,
          wheals_shoals_ruined_temple, uniq_polyphemus
Shoals:4: shoals_end_simple, layout_shoals, shoals_ilsuiw_alternative
Spider:1: layout_spider_delve
Spider:2: layout_chambers, uniq_asterion, uniq_azrael
Spider:3: layout_spider_delve, drop_trap
Spider:4: spider_rune_water, drop_trap, nicolae_arachne_temple, uniq_agnes,
          uniq_arachne
Orc:1:    layout_diamond_mine
Orc:2:    st_orc_elflike, layout_diamond_mine, basic_altar, uniq_urug,
          uniq_donald, uniq_maurice
Sewer:    sewer_co_scattered_pipes
IceCv:    ice_cave_caverns_01
Volcano:  volcano_village
Gauntlet: gammafunk_gauntlet_shortcut
          [minmay_gauntlet_arena_make_your_own_arena,
          gammafunk_gauntlet_arena_arrow_garden,
          gammafunk_gauntlet_arena_spirals, nicolae_gauntlet_arena_t_cross,
          nicolae_gauntlet_arena_grate_2, gammafunk_gauntlet_arena_split_x,
          gauntlet_exit_green]

Skill      XL: |  1  2  3  4  5  6  7  8  9 10 11 12 13 14 15 16 17 |
---------------+----------------------------------------------------+-----
Dodging        | 3 4 5 6 7 8 9 10 11 12 13 14 15 | 15.9
Long Blades    | 4 5 6 7 9 10 11 13 15 16 17 18 | 18.0
Fighting       | 4 5 6 7 8 9 11 12 13 14 15 17 18 | 18.4
Shields        | 1 4 8 10 12 | 12.6
Stealth        | |  1.7
Evocations     | |  0.4

Action                   |  1- 3 |  4- 6 |  7- 9 | 10-12 | 13-15 | 16-18 || total
-------------------------+-------+-------+-------+-------+-------+-------++-------
Melee: Falchion          |    61 |   456 |   170 |   273 |       |       ||   960
       Tailslap          |     6 |    77 |    65 |   185 |   328 |   330 ||   991
       Long sword        |       |       |   232 |   406 |   767 |       ||  1405
       Scimitar          |       |       |       |   108 |     4 |       ||   112
       Trident           |       |       |       |     1 |       |       ||     1
       Double sword      |       |       |       |       |   755 |  1278 ||  2033
       Bite              |       |       |       |       |   200 |   234 ||   434
Invok: Lunge             |       |    11 |    25 |    37 |    85 |    77 ||   235
       Whirlwind         |       |     9 |    10 |    21 |   173 |   141 ||   354
       Serpent's Lash    |       |       |       |       |       |     1 ||     1
 Abil: Wall Jump         |       |     1 |       |       |     2 |       ||     3
       Breathe Acid      |       |       |    20 |    40 |    51 |     3 ||   114
Evoke: Box of beasts     |       |       |       |     2 |     3 |       ||     5
       Wand              |       |       |       |       |    10 |     7 ||    17
       Lamp of fire      |       |       |       |       |       |     1 ||     1
  Use: Potion            |       |     7 |     3 |     8 |     4 |    15 ||    37
       Scroll            |       |     6 |    12 |     7 |    22 |    15 ||    62
 Stab: Sleeping          |     2 |     4 |     5 |     8 |    19 |     5 ||    43
       Distracted        |       |       |     1 |     2 |     1 |     1 ||     5
       Petrified         |       |       |       |       |    16 |     4 ||    20
       Invisible         |       |       |       |       |     4 |       ||     4
       Petrifying        |       |       |       |       |     1 |       ||     1
       Held in net/web   |       |       |       |       |       |     1 ||     1
  Eat: Chunk             |       |    10 |    21 |    36 |    64 |    31 ||   162
       Ration            |       |       |       |     1 |       |       ||     1
Armor: Skin              |     7 |   144 |    73 |    78 |   165 |   130 ||   597
Dodge: Dodged            |    43 |   204 |   272 |   527 |  1039 |   845 ||  2930
       Deflected         |       |     7 |     3 |     8 |    13 |    19 ||    50
Block: Buckler           |       |       |     1 |   165 |   214 |       ||   380
       Shield            |       |       |       |       |   251 |  1015 ||  1266
       Reflection        |       |       |       |       |     1 |    78 ||    79
       Rpst.: Falchion   |    15 |    60 |    31 |    39 |       |       ||   145
       Long sword        |       |       |    46 |    83 |   127 |       ||   256
       Scimitar          |       |       |       |    29 |       |       ||    29
       Double sword      |       |       |       |       |   123 |   133 ||   256

Table legend:
 A = Non-vault XP
 B = Vault XP
 C = Vault XP percentage of total XP
 D = Non-vault monster count
 E = Vault monster count
 F = Vault count percentage of total count
                 A         B        C        D         E       F
            +---------+---------+-------+---------+---------+-------
      Total |  152345 |  147266 |  49.2 |     658 |     421 |  39.0
            +---------+---------+-------+---------+---------+-------
        D:1 |      36 |       0 |   0.0 |      13 |       0 |   0.0
        D:2 |     111 |       8 |   6.7 |      24 |       4 |  14.3
        D:3 |     132 |      35 |  21.0 |      16 |      12 |  42.9
        D:4 |     408 |     350 |  46.2 |      12 |       9 |  42.9
        D:5 |     180 |       0 |   0.0 |      13 |       0 |   0.0
        D:6 |     346 |       5 |   1.4 |       7 |       5 |  41.7
        D:7 |    1534 |      40 |   2.5 |      29 |       1 |   3.3
        D:8 |     780 |     586 |  42.9 |      11 |       1 |   8.3
        D:9 |    1547 |     583 |  27.4 |      35 |       5 |  12.5
       D:10 |    2046 |     213 |   9.4 |      24 |      17 |  41.5
       D:11 |    3529 |    5218 |  59.7 |      34 |       8 |  19.0
     Lair:1 |    3413 |    2344 |  40.7 |      19 |      11 |  36.7
     Lair:2 |    5938 |    1034 |  14.8 |      26 |       8 |  23.5
     Lair:3 |    2252 |    6080 |  73.0 |       8 |      39 |  83.0
     Lair:4 |    3166 |     672 |  17.5 |      17 |       6 |  26.1
     Lair:5 |    7524 |    4094 |  35.2 |      29 |      11 |  27.5
     Lair:6 |    5873 |   18054 |  75.5 |      24 |      38 |  61.3
   Shoals:1 |   14407 |       0 |   0.0 |      31 |       0 |   0.0
   Shoals:2 |    8317 |    4279 |  34.0 |      17 |       6 |  26.1
   Shoals:3 |   14450 |   22956 |  61.4 |      32 |      28 |  46.7
   Shoals:4 |   13701 |   19138 |  58.3 |      25 |      25 |  50.0
   Spider:1 |   14532 |       0 |   0.0 |      45 |       0 |   0.0
   Spider:2 |   18013 |    3934 |  17.9 |      47 |       8 |  14.5
   Spider:3 |    9722 |     922 |   8.7 |      27 |       2 |   6.9
   Spider:4 |   15405 |   27877 |  64.4 |      48 |      60 |  55.6
      Orc:1 |    1878 |    2007 |  51.7 |      18 |       1 |   5.3
      Orc:2 |    3105 |    9085 |  74.5 |      27 |      26 |  49.1
      Sewer |       0 |      49 | 100.0 |       0 |      23 | 100.0
      IceCv |       0 |   13781 | 100.0 |       0 |      54 | 100.0
    Volcano |       0 |     406 | 100.0 |       0 |       1 | 100.0
   Gauntlet |       0 |    3516 | 100.0 |       0 |      12 | 100.0
            +---------+---------+-------+---------+---------+-------
